 Dungeon Crawl Stone Soup version 0.27.1-33-g824d729ab1 (console) character file.

Game seed: 8774076517776803359

51 Banquo the Cutter (level 4, -6/35 HPs)
             Began as a Djinni Chaos Knight on Dec 28, 2021.
             Was a Plaything of Xom.
             Mangled by a scorpion (7 damage)
             ... on level 3 of the Dungeon.
             The game lasted 00:06:57 (2158 turns).

Banquo the Cutter (Djinni Chaos Knight)             Turns: 2158, Time: 00:06:57

Health: -6/35      AC: 14    Str: 11    XL:     4   Next: 7%
Gold:   105        EV: 11    Int: 14    God:    Xom [*.....] SH:  0 Dex: 11

rFire    + + .     SeeInvis .   b - +0 short sword (protect)
rCold    x . .     Faith    .   (no shield)
rNeg     . . .     Spirit   .   f - +2 leather armour
rPois    ∞         Reflect  .   (no helmet)
rElec    .         Harm     .   (no cloak)
rCorr    .         Rampage  .   (no gloves)
Will     .....                  (boots unavailable)
Stlth    +.........             (no amulet)
HPRegen  0.11/turn              i - +4 ring of protection
MPRegen  0.00/turn              (no ring)

@: under a protective aura, flying
A: sickness immunity, fire resistance 2, cold vulnerability 1, float, innate
caster, hp casting, extra vitality 1, clumsy 1, deformed body
a: Renounce Religion


You were on level 3 of the Dungeon.
You worshipped Xom.
You were a special plaything of Xom.
You visited 1 branch of the dungeon, and saw 3 of its levels.

You collected 105 gold pieces.

Inventory:

Hand Weapons
 a - a +0 short sword of chaos
 b - a +0 short sword of protection (weapon)
 j - a +1 vampiric long sword
Missiles
 d - 38 stones (quivered)
 k - 15 poisoned darts
Armour
 f - a +2 leather armour (worn)
Jewellery
 g - a ring of fire
 i - a +4 ring of protection (left hand)
Scrolls
 e - 3 scrolls of identify {unknown}
Potions
 c - 2 potions of heal wounds {unknown}
 h - a potion of brilliance {unknown}


   Skills:
 - Level 3.0 Fighting
 + Level 4.2 Short Blades
 * Level 1.0 Armour
 - Level 2.1 Dodging


You had 2 spell levels left.
You knew the following spells:

 Your Spells              Type           Power      Damage    Failure   Level
a - Summon Small Mammal   Summ           0%         N/A       36%         1
Your spell library was empty.

Dungeon Overview and Level Annotations

Branches:
Dungeon (3/15)

Altars:


Innate Abilities, Weirdness & Mutations

You are immune to sickness and miasma.
You are immune to poison.
Your flesh is very heat resistant. (rF++)
You are vulnerable to cold. (rC-)
You float through the air rather than walking.
You learn spells naturally, not from books.
Your magical power is your life essence.
You have superior vitality. (+4 HP)
You are clumsy. (Dex -2)
Armour fits poorly on your strangely shaped body.


Message History

The scorpion stings you but does no damage.
You hit the scorpion but do no damage.
The scorpion is heavily wounded.
The scorpion stings you.
* * * LOW HITPOINT WARNING * * *
You closely miss the scorpion.
The scorpion is heavily wounded.
The scorpion stings you but does no damage.
You hit the scorpion but do no damage.
The scorpion is heavily wounded.
The scorpion barely misses you.
You barely miss the scorpion.
The scorpion is heavily wounded.
The scorpion stings you but does no damage.
You hit the scorpion.
The scorpion is severely wounded.
The scorpion stings you but does no damage.
You barely miss the scorpion.
The scorpion is severely wounded.
The scorpion closely misses you.
You hit the scorpion but do no damage.
The scorpion is severely wounded.
Xom is getting BORED.
The scorpion barely misses you.
You hit the scorpion but do no damage.
The scorpion is severely wounded.
The scorpion stings you.
* * * LOW HITPOINT WARNING * * *
You hit the scorpion.
The scorpion is almost dead.
The scorpion stings you but does no damage.
The scorpion stings you.
* * * LOW HITPOINT WARNING * * *
You hit the scorpion but do no damage.
The scorpion is almost dead.
The scorpion stings you but does no damage.
You closely miss the scorpion.
The scorpion is almost dead.
The scorpion stings you!
You die...

.......## #...# ........ ....#
.......# ....# .......##
#####.... #......#
........########.....# #......#
........)......#.....#.###....[.
.........<.....'.........#.....
...####........#.........#....
... #.#......#@###.....#...# ##
#.#.###.##s# #.....#...#
....#....#.# #.....#.<.#
#....#.####.# #.#.##.......#
...........).###.........##.#
.....####.....##.......... >
....##.........#.<....##.... .
#.##......#.#>...# .... ..
........#...########.#


You could see a scorpion.

Vanquished Creatures
  2 adders
  An orc (D:3)
  3 bats
  A giant cockroach (D:1)
  8 goblins
  A hobgoblin (D:1)
  A quokka (D:3)
  4 ball pythons
  3 frilled lizards (D:1)
  4 kobolds
  6 rats
34 creatures vanquished.

Notes
Turn   | Place    | Note
-------+----------+-------------------------------------------
     0 | D:1      | Banquo the Djinni Chaos Knight began the quest for the Orb.
     0 | D:1      | Reached XP level 1. HP: 20/20 MP: 0/0
   223 | D:1      | Reached skill level 3 in Short Blades
   329 | D:1      | XOM: silly message
   373 | D:1      | Reached XP level 2. HP: 25/25 MP: 0/0
   487 | D:1      | Found a faded altar of an unknown god.
   813 | D:2      | Reached XP level 3. HP: 30/30 MP: 0/0
   813 | D:2      | Learned a level 1 spell: Summon Small Mammal
   963 | D:2      | XOM: silly message
  1158 | D:2      | XOM: silly message
  1517 | D:2      | Reached skill level 4 in Short Blades
  1794 | D:3      | XOM: give mutations
  1794 | D:3      | Gained mutation: You are clumsy. (Dex -2) [Xom's mischief]
  1794 | D:3      | Gained mutation: Armour fits poorly on your strangely
                  | shaped body. [Xom's mischief]
  1799 | D:3      | Reached XP level 4. HP: 35/35 MP: 0/0
  2010 | D:3      | XOM: noise
  2121 | D:3      | Noticed a scorpion
  2156 | D:3      | HP: 1/35 [scorpion (4)]
  2158 | D:3      | Mangled by a scorpion

Illustrated notes

Levels and vault maps discovered:
D:1:      dpeg_arrival_concentric_ovals, layout_loops_ring,
          hellmonk_ecumenical_altar_crossroads
D:2:      layout_basic
D:3:      layout_basic

Skill      XL: |  1  2  3 |
---------------+----------+-----
Short Blades   | 3 4 |  4.2
Fighting       | |  3.0
Armour         | |  1.0
Dodging        | |  2.1

Action                   |  1- 3 |  4- 6 || total
-------------------------+-------+-------++-------
Melee: Short sword       |   129 |    43 ||   172
Armor: Leather armour    |    71 |    16 ||    87
Dodge: Dodged            |    53 |    15 ||    68
